 Dungeon Crawl Stone Soup version 0.27-a0-492-ga4bb394fd4 (webtiles) character file.

Game seed: 13186990785185073282

18 Gaff the Sneak (level 2, -4/17 HPs)
             Began as a Kobold Brigand on Mar 2, 2021.
             Slain by an adder (5 damage)
             ... on level 1 of the Dungeon.
             The game lasted 00:01:13 (1047 turns).

Gaff the Sneak (Kobold Brigand)                     Turns: 1047, Time: 00:01:13

Health: -4/17      AC:  3    Str:  8    XL:     2   Next: 85%
Magic:  2/2        EV: 14    Int: 12    God:
Gold:   47         SH:  0    Dex: 16    Spells: 1/1 levels left

rFire    . . .     SeeInvis .   a - +2 dagger
rCold    . . .     Faith    .   (shield restricted)
rNeg     . . .     Spirit   .   b - +0 robe
rPois    .         Reflect  .   (no helmet)
rElec    .         Harm     .   c - +0 cloak
rCorr    .         Rampage  .   (no gloves)
Will     .....                  (no boots)
Stlth    ++++......             (no amulet)
HPRegen  0.05/turn              (no ring)
MPRegen  0.08/turn              (no ring)

@: lethally poisoned (-4 -> -11)
A: small, nightstalker 3
a: no special abilities


You were on level 1 of the Dungeon.
You visited 1 branch of the dungeon, and saw 2 of its levels.

You collected 47 gold pieces.

Inventory:

Hand Weapons
 a - a +2 dagger (weapon)
 i - a +0 short sword
Missiles
 d - 8 poisoned darts (quivered)
 e - 2 curare-tipped darts
Armour
 b - a +0 robe (worn)
 c - a +0 cloak (worn)
Scrolls
 f - a scroll of magic mapping {unknown}
 g - a scroll of teleportation {unknown}
 l - 3 scrolls of amnesia {unknown}
Potions
 h - a potion of heal wounds {unknown}
 j - a potion of degeneration {unknown}
 k - a potion of invisibility {unknown}


   Skills:
 + Level 2.2 Fighting
 + Level 2.9 Short Blades
 + Level 2.2 Throwing
 + Level 1.3 Dodging
 + Level 6.2 Stealth


You had one spell level left.
You didn't know any spells.
Your spell library was empty.

Dungeon Overview and Level Annotations

Branches:
Dungeon (2/15)

Altars:


Innate Abilities, Weirdness & Mutations

You are small and have problems with some larger weapons.
You are completely attuned to the shadows.


Message History

The adder barely misses you.
You closely miss the adder.
The adder is moderately wounded.
You feel sick. The adder barely misses you.
You hit the adder.
The adder is moderately wounded.
The adder closely misses you. The adder bites you.
You feel sick.
A leopard gecko comes into view.
There is a stone staircase leading up here.
The adder barely misses you.
You climb upwards.
You feel sick.
There is a stone staircase leading down here.
The adder barely misses you.
You feel sick. The adder bites you.
* * * LOW HITPOINT WARNING * * *
You closely miss the adder.
The adder is moderately wounded.
The adder bites you but does no damage.
You hit the adder.
The adder is severely wounded.
The adder bites you but does no damage.
You miss the adder.
The adder is severely wounded.
You feel sick. The adder misses you.
You hit the adder but do no damage.
The adder is severely wounded.
The adder bites you.
* * * LOW HITPOINT WARNING * * *
You are more poisoned.
The adder poisons you!
You hit the adder.
The adder is almost dead.
The adder closely misses you.
You closely miss the adder.
The adder is almost dead.
* * * LOW HITPOINT WARNING * * *
You feel sick. The adder bites you.
You die...

#..............##.....##.# #.#
#...##............#......# #.###
#...##............#.###### #....
##...##.......>..#.#.###### ####.
##...###........##.#.#....# #.
##...#...........#.#.#.##.######.
##......########w#.#.#.#......##.
##...#..# #S#.#.#.#..####...
##...#..# #@#.#.#.#..# #.##
##.###..########.#........# #.#
##.# #..##.......#....###.# #.#
...# #..##.#######......#.# #.#
#### #.....##....#....#.#.# #.#
#.######.##.#..#.#.#.####.# #.#
#......#..#.#.#......# #.#
#.##.#....#.#.######## #.#
#.#..#.#.##.#.#


You could see a worm and an adder.

Vanquished Creatures
  An adder (D:2)
  4 bats
  A goblin (D:1)
  2 kobolds
  2 rats
10 creatures vanquished.

Notes
Turn   | Place    | Note
-------+----------+-------------------------------------------
     0 | D:1      | Gaff the Kobold Brigand began the quest for the Orb.
     0 | D:1      | Reached XP level 1. HP: 12/12 MP: 1/1
   995 | D:2      | Reached XP level 2. HP: 17/17 MP: 2/2
  1001 | D:2      | Reached skill level 6 in Stealth
  1047 | D:1      | Slain by an adder

Illustrated notes

Levels and vault maps discovered:
D:1:      amcnicky_arrival_gap_in_the_tavern_cellar, layout_basic
D:2:      layout_rooms, lemuel_crystal_altar

Skill      XL: |  1  2 |
---------------+-------+-----
Stealth        | 6 |  6.2
Fighting       | |  2.2
Short Blades   | |  2.9
Throwing       | |  2.2
Dodging        | |  1.3

Action                   || total
-------------------------++-------
Melee: Dagger            ||    40
 Stab: Sleeping          ||     7
Armor: Robe              ||     4
Dodge: Dodged            ||    33

Table legend: (Time is in decaauts)
 A = Elapsed time spent in this place.
 B = Non-inter-level travel time spent in this place.
 C = Inter-level travel time spent in this place.
 D = Time resting spent in this place.
 E = Time spent auto-exploring this place.
 F = Levels seen in this place.
 G = Mean time per level.
                   A        B        C        D        E       F      G
               +--------+--------+--------+--------+--------+-----+--------+
         Total |   1041 |    973 |     68 |      0 |    861 |   2 |  520.5 |
       Dungeon |   1041 |    973 |     68 |      0 |    861 |   2 |  520.5 |
               +--------+--------+--------+--------+--------+-----+--------+

Top non-repeatable levels by time:
     D:1: 999 daAuts
     D:2: 42 daAuts
